 Dungeon Crawl Stone Soup version 0.24.0-125-gc4c63601f3 (webtiles) character file.

Game seed: 16858385773502750034, levelgen mode: deterministic

8046 Descartes the Cleaver (level 11, -1/79 HPs)
             Began as a Formicid Abyssal Knight on Mar 3, 2020.
             Was a High Priest of Lugonu.
             Slain by a two-headed ogre
             ... wielding a +0 giant spiked club
              (20 damage)
             ... on level 10 of the Dungeon.
             The game lasted 00:31:46 (8003 turns).

Descartes the Cleaver (Formicid Abyssal Knight)     Turns: 8003, Time: 00:31:47

Health: -1/79      AC: 13    Str: 25    XL:     11   Next: 48%
Magic:  13/13      EV: 12    Int: 13    God:    Lugonu [*****.]
Gold:   487        SH:  0    Dex: 14    Spells: 10/10 levels left

rFire    . . .     SeeInvis +   a - +1 hand axe
rCold    . . .     Gourm    .   (no shield)
rNeg     . . .     Faith    .   S - +1 ring mail {MR+}
rPois    .         Spirit   .   (helmet unavailable)
rElec    .         Reflect  .   r - scarf {cloud immunity}
rCorr    .         Harm     .   d - +2 pair of gloves {archery}
MR       ++...                  (no boots)
Stlth    +.........             s - amulet of regeneration
HPRegen  0.63/turn              f - +6 ring of strength
MPRegen  0.13/turn              G - +4 ring of dexterity

@: no status effects
A: permanent stasis, dig shafts and tunnels, four strong arms, antennae 3,
molten scales 1
a: Dig, Shaft Self, Depart the Abyss, Bend Space, Banish, Corrupt, Enter the
Abyss, Renounce Religion


You were on level 10 of the Dungeon.
You worshipped Lugonu.
Lugonu was extremely pleased with you.
You were not hungry.

You visited 2 branches of the dungeon, and saw 11 of its levels.
You visited the Abyss 1 time.

You collected 487 gold pieces.

Inventory:

Hand Weapons
 a - a +1 hand axe (weapon)
 y - a +0 battleaxe
 A - a +2 flail of protection
 J - a +3 flail
 T - a +0 fustibalus
Missiles
 l - 343 stones
 n - 176 arrows
 q - 6 curare-tipped darts
 C - 3 throwing nets
 K - 7 javelins
 L - 28 poisoned darts
 M - 8 atropa-tipped darts (quivered)
Armour
 d - a +2 pair of gloves of archery (worn)
 r - a scarf of cloud immunity (worn)
 x - a +1 chain mail
 S - a +1 ring mail of magic resistance (worn)
Magical Staves
 m - an uncursed staff of wizardry {unknown}
Jewellery
 f - a +6 ring of strength (left hand)
 s - an amulet of regeneration (around neck)
 F - an uncursed ring of wizardry
 G - a +4 ring of dexterity (right hand)
 I - an uncursed ring of fire
Wands
 b - a wand of random effects (33)
 R - a wand of enslavement (9)
 U - a wand of polymorph (7)
Scrolls
 g - 2 scrolls of magic mapping
 h - 5 scrolls of remove curse
 k - a scroll of immolation
 o - a scroll of blinking {unknown}
 p - a scroll of fear {unknown}
 B - a scroll of amnesia
 D - a scroll of random uselessness {unknown}
 H - a scroll of enchant armour
 Q - a scroll of enchant weapon {unknown}
Potions
 e - a potion of haste
 i - 5 potions of degeneration
 j - 3 potions of lignification
 t - 2 potions of brilliance
 u - 2 potions of resistance
 v - 2 potions of ambrosia
 w - a potion of berserk rage {unknown}
 z - 2 potions of heal wounds
 E - 6 potions of curing
 N - 3 potions of flight
 P - a potion of magic {unknown}
 V - a potion of cancellation {unknown}
Comestibles
 c - 13 rations


   Skills:
 - Level 5.0 Fighting
 * Level 13.2 Axes
 + Level 10.6 Armour
 - Level 2.0 Dodging
 - Level 3.0 Invocations


You had 10 spell levels left.
You didn't know any spells.
Your spell library contained the following spells:

 Spells                   Type           Power        Failure   Level  Hunger
 Beastly Appendage        Tmut           #.....       41%         1    ##.....
 Magic Dart               Conj           #...         41%         1    ##.....
 Call Imp                 Summ           #.......     54%         2    ###....
 Slow                     Hex            #.......     54%         2    ###....
 Sticks to Snakes         Tmut           #.......     54%         2    ###....
 Conjure Flame            Conj/Fire      #.......     78%         3    ####...
 Mephitic Cloud           Conj/Pois/Air  #.......     78%         3    ####...
 Spider Form              Tmut/Pois      #.........   78%         3    ####...
 Ice Form                 Ice/Tmut       #.......     99%         4    #####..
 Blade Hands              Tmut           #.........   100%        5    ######.
 Blink                    Tloc           Unusable     N/A         2    N/A

Dungeon Overview and Level Annotations

Branches:
Dungeon (10/15)            Temple (1/1) D:5            Lair (0/6) D:9
    Orc: D:9-12

Altars:
Ashenzari
Cheibriados
Dithmenos
Elyvilon
Fedhas
Gozag
Hepliaklqana
Kikubaaqudgha
Makhleb
Nemelex Xobeh
Okawaru
Qazlal
Ru
Sif Muna
Trog
Uskayaw
Vehumet
Wu Jian
Xom
Yredelemnul
Zin
The Shining One

Shops:
D:8 }

Annotations:
D:9 3 runed translucent doors, Feek's ghost, novice BaFE


Innate Abilities, Weirdness & Mutations

You cannot be hasted, slowed, berserked, paralysed or teleported.
You can dig through walls and to a lower floor.
Your four strong arms can wield two-handed weapons with a shield.
You have a pair of large antennae on your head. (SInv)
You are partially covered in molten scales. (AC +2)


Message History

You slash the yak!
You kill the yak!
Lugonu accepts your kill.
You see here a yak corpse.
You see here a yak corpse.
Space bends sharply around you!
The two-headed ogre blinks!
You blink.
Magic restored.
The two-headed ogre is too close now for your liking.
The two-headed ogre is too close now for your liking.
The two-headed ogre misses you.
The two-headed ogre hits you but does no damage.
You completely miss the two-headed ogre.
The two-headed ogre hits you with a +0 giant spiked club!
* * * LOW HITPOINT WARNING * * *
The two-headed ogre hits you with a +0 giant club.
* * * LOW HITPOINT WARNING * * *
You barely miss the two-headed ogre.
You hit the two-headed ogre but do no damage.
The two-headed ogre hits you with a +0 giant spiked club!!
You die...

########.###.## ........##
##.## #######..###...#
#.#.#.##.## #.#..##...##
#######.#..#.....###
#...................
######.#####....#..#..###
##......O@.........###....
##...#.#######..###..#.####
# ##.#{#..# #.#...#.......
...###.##.##.#
#........####.
#............#
#.#####.#####.
##.###.##.#..##### #.# #.#
#... #.........#..... ...
#.###... #####.#.O###....
#..###.#..... #.###.#.####
..............


You could see a two-headed ogre.

Vanquished Creatures
  Harold (D:8)
  A two-headed ogre (D:9)
  Pikel (D:4)
  Maurice (D:9)
  A centaur skeleton (D:8)
  A hippogriff (D:9)
  3 yaks (D:10)
  3 hungry ghosts
  Menkaure (D:4)
  Duvessa (D:7)
  5 porcupines
  2 phantoms
  A slave (D:4)
  An ice beast (D:9)
  2 sky beasts
  4 black bears
  2 ogres
  3 centaurs
  2 big kobolds
  5 bullfrogs
  A gnoll sergeant (D:5)
  A wyvern zombie (D:6)
  Dowan (D:7)
  A water moccasin skeleton (D:4)
  3 scorpions
  7 wights
  2 howler monkeys
  5 crimson imps
  2 quasits
  2 bullfrog zombies (D:5)
  7 hounds
  2 jellies
  6 orc priests
  A gnoll shaman (D:8)
  5 orc wizards
  2 iguanas
  8 worker ants
  3 gnolls (D:8)
  A howler monkey skeleton (D:5)
  2 worker ant zombies
  7 adders
  3 shadow imps
  2 oozes
  An adder zombie (D:6)
  An adder skeleton (D:5)
  3 worms
  A dart slug (D:1)
  9 leopard geckos
  34 orcs
  6 giant cockroaches
  13 goblins
  11 hobgoblins
  19 jackals
  17 kobolds
  6 quokkas
  A ball python (D:1)
  9 bats
  7 frilled lizards
  A jackal skeleton (D:6)
  8 rats
262 creatures vanquished.

Vanquished Creatures (others)
  An orc wizard (D:6)
  8 fungi (D:9)
  8 plants (D:9)
17 creatures vanquished.

Grand Total: 279 creatures vanquished

Notes
Turn   | Place    | Note
-------+----------+-------------------------------------------
     0 | Abyss:1  | Descartes the Formicid Abyssal Knight began the quest for
                  | the Orb.
     0 | Abyss:1  | Reached XP level 1. HP: 18/18 MP: 2/2
    74 | Abyss:1  | Noticed a small abomination
    93 | Abyss:1  | Noticed an iron imp
   124 | Abyss:1  | Noticed a small abomination
   139 | Abyss:1  | Noticed a neqoxec
   140 | D:1      | Escaped the Abyss
   200 | D:1      | Reached XP level 2. HP: 25/25 MP: 3/3
   210 | D:1      | Reached skill level 1 in Dodging
   254 | D:1      | Reached * piety under Lugonu
   403 | D:1      | Reached XP level 3. HP: 30/30 MP: 4/4
  1350 | D:2      | Reached XP level 4. HP: 36/37 MP: 5/5
  1412 | D:2      | Found a snail-covered altar of Cheibriados.
  1427 | D:2      | Reached ** piety under Lugonu
  1972 | D:3      | Reached XP level 5. HP: 42/42 MP: 7/7
  2044 | D:3      | Found a hide-covered altar of Uskayaw.
  2093 | D:3      | Found a faded altar of an unknown god.
  2185 | D:4      | Reached skill level 3 in Axes
  2247 | D:4      | Reached XP level 6. HP: 36/49 MP: 8/8
  2254 | D:4      | Noticed Menkaure
  2263 | D:4      | Killed Menkaure
  2263 | D:4      | Reached skill level 4 in Axes
  2605 | D:4      | Found a sparkling altar of Nemelex Xobeh.
  2616 | D:4      | Reached skill level 5 in Fighting
  2616 | D:4      | Reached XP level 7. HP: 51/56 MP: 9/9
  2619 | D:4      | Reached *** piety under Lugonu
  2657 | D:4      | Noticed Pikel
  2690 | D:4      | Killed Pikel
  2690 | D:4      | Reached skill level 6 in Axes
  2690 | D:4      | Reached skill level 5 in Armour
  2690 | D:4      | Reached XP level 8. HP: 56/62 MP: 10/10
  2721 | D:4      | Found a glowing silver altar of Zin.
  3057 | D:5      | Entered Level 5 of the Dungeon
  3093 | D:4      | Reached skill level 7 in Axes
  3413 | D:5      | Found a shadowy altar of Dithmenos.
  3510 | D:5      | Found a shimmering blue altar of Sif Muna.
  3536 | D:5      | Reached **** piety under Lugonu
  3633 | D:5      | Reached skill level 8 in Axes
  3633 | D:5      | Reached XP level 9. HP: 63/68 MP: 11/11
  3657 | D:5      | Found a staircase to the Ecumenical Temple.
  3859 | Temple   | Entered the Ecumenical Temple
  4405 | D:6      | Reached skill level 9 in Axes
  4805 | D:6      | Gained mutation: Your mind is acute. (Int +2) [potion of
                  | mutation]
  4805 | D:6      | Gained mutation: Your mind is very acute. (Int +4) [potion
                  | of mutation]
  4806 | D:6      | Lost mutation: Your mind is very acute. (Int +4) [potion of
                  | mutation]
  4806 | D:6      | Lost mutation: Your mind is acute. (Int +2) [potion of
                  | mutation]
  4806 | D:6      | Gained mutation: Your mind is acute. (Int +2) [potion of
                  | mutation]
  4806 | D:6      | Gained mutation: You are robust. (+10% HP) [potion of
                  | mutation]
  4806 | D:6      | Gained mutation: You are somewhat resistant to further
                  | mutation. [potion of mutation]
  4807 | D:6      | Lost mutation: You are somewhat resistant to further
                  | mutation. [potion of mutation]
  4807 | D:6      | Lost mutation: Your mind is acute. (Int +2) [potion of
                  | mutation]
  4807 | D:6      | Lost mutation: You are robust. (+10% HP) [potion of
                  | mutation]
  4807 | D:6      | Gained mutation: You possess an exceptional clarity of
                  | mind. [potion of mutation]
  4807 | D:6      | Lost mutation: You possess an exceptional clarity of mind.
                  | [potion of mutation]
  4807 | D:6      | Gained mutation: You are partially covered in molten
                  | scales. (AC +2) [potion of mutation]
  4838 | D:7      | Noticed Duvessa
  4839 | D:7      | Noticed Dowan
  4860 | D:7      | Killed Duvessa
  4882 | D:7      | Killed Dowan
  5164 | D:7      | Reached skill level 10 in Axes
  5227 | D:7      | Found a sacrificial altar of Ru.
  5376 | D:7      | Reached XP level 10. HP: 73/74 MP: 12/12
  5461 | D:7      | Found a sparkling altar of Nemelex Xobeh.
  5777 | D:8      | Found a stormy altar of Qazlal.
  5955 | D:8      | Found a blossoming altar of Fedhas.
  6007 | D:8      | Noticed Harold
  6042 | D:8      | HP: 1/74 [Harold/+0 battleaxe (23)]
  6052 | D:8      | Killed Harold
  6052 | D:8      | Reached skill level 11 in Axes
  6244 | D:8      | Found Salygoh's Gadget Emporium.
  6764 | D:9      | Reached skill level 12 in Axes
  6825 | D:9      | Found a staircase to the Lair.
  6868 | D:9      | Reached XP level 11. HP: 35/79 MP: 13/13
  6988 | D:9      | Noticed Maurice
  7011 | D:9      | Killed Maurice
  7119 | D:9      | Found a runed translucent gate.
  7119 | D:9      | Found a runed translucent gate.
  7119 | D:9      | Found a runed translucent gate.
  7120 | D:9      | Identified the +9 whip "Xophit" {pain, Int+4}
  7125 | D:9      | Noticed Feek's ghost (novice BaFE)
  7127 | D:9      | Reached skill level 10 in Armour
  7449 | D:9      | Found a white marble altar of Elyvilon.
  7574 | D:10     | Entered Level 10 of the Dungeon
  7604 | D:10     | Noticed a two-headed ogre
  7637 | D:9      | Killed a two-headed ogre
  7637 | D:9      | Reached skill level 13 in Axes
  7641 | D:9      | Reached ***** piety under Lugonu
  7967 | D:10     | Noticed a two-headed ogre
  8003 | D:10     | Slain by a two-headed ogre

Levels and vault maps discovered:
D:1:      noname_arrival_rooms_in_the_neighbourhood, layout_loops_cross,
          minmay_misc_feat_columns, nrook_mini_backslash, minmay_misc_feat_rows
D:2:      layout_loops_ring, cheibriados_altar_1
D:3:      layout_rooms, eat_drink_and_be_merry_uskayaw,
          chequers_ecumenical_altar_simple_redux, first_ration
D:4:      layout_rooms, nicolae_overflow_crystal_walls,
          nemelex_xobeh_ov_fountains_minmay, uniq_menkaure, uniq_pikel
D:5:      cheibrodos_fzero, layout_cave_pools, lemuel_doored_altar,
          minmay_temple_entry_junction_2, grunt_dithmenos_shadows
D:6:      layout_loops_corners
D:7:      layout_cave_pods, kennysheep_mini, nemelex_diamond_rough_becter,
          uniq_duvessa
D:8:      layout_rooms, nicolae_qazlal_style_of_elements, lemuel_round_altar,
          serial_shops, shop, grunt_ogre_cave, grunt_ministairs_15, uniq_harold
D:9:      layout_small_grid, old_standard_altar, due_lair_maze_entry_diamond,
          gammafunk_ghost_nasty_kobolds, uniq_maurice
D:10:     layout_loops_ring
Temple:   cyrus_circular_temple

Skill      XL: |  1  2  3  4  5  6  7  8  9 10 11 |
---------------+----------------------------------+-----
Dodging        | 1 2 |  2.0
Fighting       | 4 5 |  5.0
Axes           | 3 4 6 8 10 12 13 | 13.2
Invocations    | 3 |  3.0
Armour         | 3 5 6 7 9 10 | 10.6

Action                   |  1- 3 |  4- 6 |  7- 9 | 10-12 || total
-------------------------+-------+-------+-------+-------++-------
Melee: Hand axe          |    90 |   175 |   418 |   536 ||  1219
 Fire: Hunting sling     |     2 |       |       |       ||     2
Invok: Depart the Abyss  |     1 |       |       |       ||     1
       Bend Space        |       |     2 |       |     1 ||     3
 Abil: Dig               |     4 |     1 |       |       ||     5
  Use: Scroll            |       |     6 |     6 |     3 ||    15
       Potion            |       |       |     3 |     3 ||     6
 Stab: Distracted        |       |       |     1 |       ||     1
  Eat: Chunk             |     2 |     4 |     9 |     7 ||    22
       Ration            |       |       |       |     3 ||     3
Armor: Ring mail         |    26 |       |       |   153 ||   179
       Scale mail        |    27 |    94 |       |       ||   121
       Chain mail        |       |    22 |   277 |    71 ||   370
Dodge: Dodged            |    58 |   142 |   228 |   271 ||   699
